[Event "Titled Tuesday Blitz May 24 Late 2022"]
[White "Sirosh, Ilja"]
[Black "Carrasco Miranda, Andres"]
[WhiteFideId "4500458"]
[BlackFideId "3405990"]
[WhiteElo "2241"]
[BlackElo "2177"]
[Result "1-0"]
[Round "03"]
[TimeControl "180+1"]
[Date "2022.05.25"]
[WhiteClock "0:00:56"]
[BlackClock "0:00:07"]

1. e4 c5 2. Nf3 d6 3. d4 cxd4 4. Nxd4 Nf6 5. Nc3 a6 6. Bc4 e6 7. Be3 b5 8. Bb3 Nbd7 9. a3 Qc7 10. Qe2 Bb7 11. f3 Be7 12. Bxe6 fxe6 13. Nxe6 Qc8 14. Nxg7+ Kf7 15. Nf5 Ne5 16. g4 Qc4 17. Qf2 b4 18. axb4 d5 19. Nxe7 dxe4 20. Nf5 Nxf3+ 21. Qxf3 exf3 22. Nd6+ Kg6 23. Nxc4 f2+ 24. Kxf2 Nxg4+ 25. Kg3 Nxe3 26. Nxe3 Bxh1 27. Rxh1 Rab8 28. Ncd5 h5 29. h4 Rhe8 30. Rf1 a5 31. Rf6+ Kg7 32. Nf5+ Kh7 33. Rf7+ Kg6 34. Rf6+ Kh7 35. Rh6+ Kg8 36. Nf6+ Kf7 37. Nxe8 Rxb4 38. Ned6+ Kg8 39. Rg6+ Kh7 40. Rg7+ Kh8 41. Nf7# 1-0


[Site "https://www.chess.com"]

[Event "Titled Tuesday Blitz May 24 Late 2022"]
[White "Sjugirov, Sanan"]
[Black "Krstulovic, Alex"]
[WhiteFideId "4189302"]
[BlackFideId "760056"]
[WhiteElo "2602"]
[BlackElo "2193"]
[Result "1-0"]
[Round "03"]
[TimeControl "180+1"]
[Date "2022.05.24"]
[WhiteClock "0:01:45"]
[BlackClock "0:02:02"]

1. e4 c5 2. Nc3 Nc6 3. Nge2 Nf6 4. d4 cxd4 5. Nxd4 e6 6. Ndb5 Bc5 7. Nd6+ Ke7 8. Bf4 e5 9. Nf5+ Kf8 10. Bg5 d6 11. Bxf6 Qxf6 12. Nd5 Qd8 13. Nfe3 Be6 14. c3 Ne7 15. Be2 Nxd5 16. Nxd5 Qh4 17. O-O Qxe4 18. Bf3 Qg6 19. Nc7 Rb8 20. b4 Bb6 21. Qxd6+ Kg8 22. Nd5 Re8 23. Ne7+ Rxe7 24. Qb8+ 1-0


[Site "https://www.chess.com"]

[Event "Titled Tuesday Blitz May 24 Late 2022"]
[White "Skliarov, Viktor"]
[Black "Baches Garcia, Guillermo"]
[WhiteFideId "14106736"]
[BlackFideId "2209764"]
[WhiteElo "2229"]
[BlackElo "2470"]
[Result "1-0"]
[Round "03"]
[TimeControl "180+1"]
[Date "2022.05.25"]
[WhiteClock "0:00:21"]
[BlackClock "0:00:21"]

1. e4 c5 2. Nf3 d6 3. d4 cxd4 4. Qxd4 Nc6 5. Bb5 a6 6. Bxc6+ bxc6 7. c4 e5 8. Qe3 Qc7 9. O-O Be7 10. b3 Nf6 11. h3 O-O 12. Bb2 Nd7 13. Nc3 Nc5 14. Rfd1 f5 15. Ba3 Nxe4 16. Nxe4 fxe4 17. Qxe4 d5 18. cxd5 Bxa3 19. dxc6 Bf5 20. Qc4+ Kh8 21. Re1 Bb2 22. Rad1 e4 23. Nd4 Bxd4 24. Rxd4 Rae8 25. Qxa6 Qf4 26. Qe2 Qg5 27. Qe3 Rc8 28. Qxg5 1-0


[Site "https://www.chess.com"]

[Event "Titled Tuesday Blitz May 24 Late 2022"]
[White "Sokolovsky, Yahli"]
[Black "Garagulya, Konstantin"]
[WhiteFideId "2820242"]
[BlackFideId "4128931"]
[WhiteElo "1770"]
[BlackElo "2329"]
[Result "1/2-1/2"]
[Round "03"]
[TimeControl "180+1"]
[Date "2022.05.25"]
[WhiteClock "0:00:03"]
[BlackClock "0:00:29"]

1. b3 Nf6 2. Bb2 e6 3. e3 d5 4. d4 a5 5. a3 Bd6 6. Nf3 O-O 7. Bd3 b6 8. O-O Ba6 9. Ne5 c5 10. Bxa6 Nxa6 11. f4 cxd4 12. exd4 Ne4 13. Nd2 Nxd2 14. Qxd2 f6 15. Nd3 f5 16. Rae1 Nc7 17. Re2 Qd7 18. Rfe1 Rf6 19. a4 b5 20. axb5 Qxb5 21. Ra1 Rff8 22. Ra4 Bb4 23. Bc3 Bd6 24. Rxa5 Rxa5 25. Bxa5 Re8 26. Bb4 Qb6 27. Bxd6 Qxd6 28. Qb4 Qc6 29. Qc5 Qxc5 30. Nxc5 Kf7 31. Re1 Ra8 32. Na4 Nb5 33. c3 Rc8 34. Re3 h6 35. Kf2 g5 36. g3 Rc6 37. Nc5 Nd6 38. Ke2 Ne4 39. Nxe4 fxe4 40. fxg5 hxg5 41. h4 g4 42. Kd2 Kg6 43. Re2 Ra6 44. Ke3 Ra1 45. Kf4 Rc1 46. Re3 Rb1 47. Kxg4 Rxb3 48. Kf4 Kf6 49. g4 Rb1 50. g5+ Ke7 51. Rh3 Rf1+ 52. Ke3 Rg1 53. Kf2 Rg4 54. Ke3 Kf7 55. Kd2 Rg2+ 56. Ke3 Rg4 57. Kf2 Kg7 58. Ke2 Rg2+ 59. Kd1 Kh7 60. Kc1 Kg7 61. Kd1 Kf7 62. Ke1 Kg7 63. Kf1 Rg4 64. Ke2 Rg2+ 65. Kd1 1/2-1/2


[Site "https://www.chess.com"]

[Event "Titled Tuesday Blitz May 24 Late 2022"]
[White "Stanisz, Patryk"]
[Black "Keller, Peter"]
[WhiteFideId "1123106"]
[BlackFideId "1272105"]
[WhiteElo "1833"]
[BlackElo "2275"]
[Result "1-0"]
[Round "03"]
[TimeControl "180+1"]
[Date "2022.05.25"]
[WhiteClock "0:00:22"]
[BlackClock "0:00:20"]

1. e4 e5 2. Nf3 Nc6 3. Bb5 Nf6 4. O-O Nxe4 5. Re1 Nd6 6. Bxc6 dxc6 7. Rxe5+ Be7 8. Qe1 f6 9. Re2 Kf7 10. d4 Re8 11. b3 Bg4 12. Nbd2 Bf8 13. h3 Bh5 14. Ba3 Qd7 15. Rxe8 Rxe8 16. Qf1 g5 17. Re1 Bg6 18. c3 h5 19. Nc4 Kg7 20. Bxd6 cxd6 21. Rxe8 Qxe8 22. Qe1 Qxe1+ 23. Nxe1 d5 24. Na5 c5 25. Nxb7 cxd4 26. cxd4 Bb4 27. Kf1 Kf7 28. Ke2 Bc3 29. Nd6+ Ke6 30. Nb5 Bb2 31. Nd3 a6 32. Nc5+ Kf5 33. Nd6+ Kf4 34. g3# 1-0


[Site "https://www.chess.com"]

[Event "Titled Tuesday Blitz May 24 Late 2022"]
[White "Steinberg, Nitzan"]
[Black "Peralta, Eduardo"]
[WhiteFideId "2801795"]
[BlackFideId "3700062"]
[WhiteElo "2471"]
[BlackElo "2125"]
[Result "1-0"]
[Round "03"]
[TimeControl "180+1"]
[Date "2022.05.24"]
[WhiteClock "0:00:19"]
[BlackClock "0:00:06"]

1. e4 c5 2. Nc3 Nc6 3. Nge2 g6 4. g3 Bg7 5. Bg2 e6 6. O-O Nge7 7. d3 d6 8. f4 Nd4 9. Kh1 h5 10. h3 Bd7 11. a4 Bc6 12. Nxd4 cxd4 13. Ne2 Rc8 14. b4 a6 15. Bb2 e5 16. c3 dxc3 17. Bxc3 O-O 18. Qd2 Bd7 19. d4 exf4 20. Nxf4 b5 21. axb5 Bxb5 22. Rfc1 Qb6 23. Bb2 h4 24. gxh4 Rxc1+ 25. Rxc1 Bh6 26. d5 Kh7 27. h5 gxh5 28. e5 dxe5 29. Bxe5 Ng6 30. Be4 f5 31. Rc7+ Qxc7 32. Bxc7 fxe4 33. Qe3 Bxf4 34. Bxf4 Rxf4 35. Qa7+ Kh6 36. d6 Rf1+ 37. Kh2 Rd1 38. Qc5 Kh7 39. Qxh5+ Kg7 40. Qxd1 Nf8 41. Qd4+ Kf7 42. Kg3 Nd7 43. Qxe4 Kf6 44. Qe7+ Kg6 45. h4 Kh6 46. Qg5+ Kh7 47. h5 Kh8 48. h6 1-0


[Site "https://www.chess.com"]

[Event "Titled Tuesday Blitz May 24 Late 2022"]
[White "Suder, Jakub"]
[Black "Hansen, Eric"]
[WhiteFideId "1195310"]
[BlackFideId "2606771"]
[WhiteElo "2058"]
[BlackElo "2568"]
[Result "0-1"]
[Round "03"]
[TimeControl "180+1"]
[Date "2022.05.24"]
[WhiteClock "0:00:03"]
[BlackClock "0:00:12"]

1. d4 Nf6 2. c4 e6 3. Nc3 Bb4 4. f3 O-O 5. a3 Bxc3+ 6. bxc3 d5 7. cxd5 exd5 8. e3 c5 9. Bd3 b6 10. Ne2 Re8 11. O-O Ba6 12. Ng3 h5 13. Ra2 Bxd3 14. Qxd3 Nc6 15. Re2 Qd7 16. Bb2 Ne7 17. e4 h4 18. Nh1 Ng6 19. Bc1 cxd4 20. cxd4 dxe4 21. fxe4 Rad8 22. Bb2 h3 23. Ng3 Qg4 24. Qb3 Nf4 25. Re3 hxg2 26. Rff3 Nh3+ 27. Kxg2 Ng5 28. Rf1 Qh3+ 29. Kg1 Ng4 30. Re2 Rxe4 31. Rg2 Ne3 32. Rgf2 Nxf1 33. Rxf1 Re2 0-1


[Site "https://www.chess.com"]

[Event "Titled Tuesday Blitz May 24 Late 2022"]
[White "Svane, Rasmus"]
[Black "Gil Alba, Hector Luis"]
[WhiteFideId "4657101"]
[BlackFideId "3504670"]
[WhiteElo "2674"]
[BlackElo "2331"]
[Result "1-0"]
[Round "03"]
[TimeControl "180+1"]
[Date "2022.05.24"]
[WhiteClock "0:01:15"]
[BlackClock "0:00:09"]

1. Nf3 Nf6 2. g3 g6 3. Bg2 Bg7 4. O-O O-O 5. d4 d6 6. Re1 Nc6 7. d5 Nb4 8. c4 e5 9. a3 Na6 10. Nc3 Nc5 11. e4 a5 12. b3 Bd7 13. Qc2 a4 14. b4 Nb3 15. Rb1 Nd4 16. Nxd4 exd4 17. Ne2 Re8 18. Bb2 Ng4 19. Nxd4 c5 20. bxc5 dxc5 21. Nf3 Bxb2 22. Qxb2 Rb8 23. h3 Nh6 24. e5 b5 25. cxb5 Rxb5 26. Qd2 Nf5 27. Rxb5 Bxb5 28. g4 Ne7 29. d6 Nc6 30. Qd5 Qa5 31. e6 fxe6 32. Rxe6 Rxe6 33. Qxe6+ Kg7 34. Ng5 Qa7 35. d7 1-0


[Site "https://www.chess.com"]

[Event "Titled Tuesday Blitz May 24 Late 2022"]
[White "Sydoryka, Vladyslav"]
[Black "Kobalia, Mikhail"]
[WhiteFideId "14145928"]
[BlackFideId "4119150"]
[WhiteElo "2283"]
[BlackElo "2667"]
[Result "1-0"]
[Round "03"]
[TimeControl "180+1"]
[Date "2022.05.25"]
[WhiteClock "0:00:29"]
[BlackClock "0:00:09"]

1. c4 c6 2. g3 d5 3. Bg2 Nf6 4. Nf3 Bg4 5. O-O e6 6. b3 Bd6 7. Bb2 Nbd7 8. d3 O-O 9. Nbd2 e5 10. Qc2 Re8 11. e4 dxe4 12. dxe4 a5 13. h3 Bxf3 14. Nxf3 Qe7 15. Nh4 g6 16. Rad1 Nc5 17. Rfe1 Ne6 18. Nf3 Nc5 19. Nh4 Rad8 20. Nf3 Bc7 21. a3 Rxd1 22. Rxd1 Ncd7 23. h4 Bd6 24. Bh3 Rd8 25. Bc3 b6 26. b4 axb4 27. axb4 Bc7 28. Kg2 Kg7 29. Ra1 Bb8 30. Ra6 Re8 31. Qd3 Rd8 32. Qc2 Re8 33. Nd2 Qd8 34. Qb2 Nf8 35. Ra8 Qc7 36. c5 Ne6 37. Rxb8 Qxb8 38. Bxe5 Qd8 39. cxb6 Nf8 40. b7 1-0


[Site "https://www.chess.com"]

[Event "Titled Tuesday Blitz May 24 Late 2022"]
[White "Taboas Rodriguez, Daniel"]
[Black "Miszler, Levente"]
[WhiteFideId "2208466"]
[BlackFideId "763276"]
[WhiteElo "2429"]
[BlackElo "1966"]
[Result "1-0"]
[Round "03"]
[TimeControl "180+1"]
[Date "2022.05.25"]
[WhiteClock "0:00:48"]
[BlackClock "0:00:03"]

1. d4 Nf6 2. Nf3 g6 3. c4 Bg7 4. Nc3 O-O 5. e4 d6 6. Be2 Nbd7 7. O-O e5 8. Be3 h6 9. d5 Ng4 10. Bc1 f5 11. g3 Nc5 12. Nh4 Qe8 13. b4 Na6 14. a3 Nf6 15. Bb2 fxe4 16. Re1 g5 17. Ng2 h5 18. Bf1 g4 19. Nxe4 Nxe4 20. Rxe4 Qf7 21. Re2 Bf5 22. Ne3 Be4 23. Bg2 Bxg2 24. Nxg2 Qf5 25. Qc2 Nb8 26. Qxf5 Rxf5 27. Ne3 Rf3 28. c5 Nd7 29. Rc1 Rf7 30. c6 bxc6 31. Rxc6 Nb6 32. Rec2 Rc8 33. Kg2 Kh7 34. Nc4 Nxc4 35. R6xc4 Kg6 36. Rc6 Rd7 37. Bc1 Kf5 38. Be3 Ke4 39. Rd2 Ra8 40. b5 Rb8 41. a4 Rb7 42. h3 Bf6 43. hxg4 hxg4 44. Kf1 Bd8 45. Ke2 Rh7 46. Rd1 Kf5 47. Ra6 e4 48. Rxa7 Rxa7 49. Bxa7 Ke5 50. Bd4+ Kxd5 51. Bf6+ Kc5 52. Bxd8 Kb4 53. Rd4+ Ka5 54. Rxe4 Rd7 55. Bf6 d5 56. Rxg4 1-0


[Site "https://www.chess.com"]

[Event "Titled Tuesday Blitz May 24 Late 2022"]
[White "Taichman, Ori"]
[Black "Drygalov, Andrey"]
[WhiteFideId "2804069"]
[BlackFideId "24171735"]
[WhiteElo "2227"]
[BlackElo "2540"]
[Result "0-1"]
[Round "03"]
[TimeControl "180+1"]
[Date "2022.05.24"]
[WhiteClock "0:00:03"]
[BlackClock "0:01:26"]

1. e4 c5 2. b3 d6 3. Bb2 e5 4. Bb5+ Bd7 5. a4 Nf6 6. Nc3 Be7 7. Nge2 O-O 8. O-O Nc6 9. f4 a6 10. Bc4 Nd4 11. d3 b5 12. axb5 axb5 13. Nxd4 Rxa1 14. Qxa1 bxc4 15. Nf5 Bxf5 16. exf5 cxb3 17. cxb3 exf4 18. Rxf4 d5 19. Ne2 d4 20. Rf3 Nd5 21. Ng3 Qb8 22. Qa4 Bd6 23. Qc4 Ne3 24. Qa4 Bxg3 25. hxg3 Qb7 26. f6 Ra8 27. Rxe3 dxe3 28. Qg4 g6 29. Qf4 Qxb3 30. Kh2 Qxb2 31. Qe4 Rf8 32. Qf4 Qd4 33. Qg5 h6 34. Qxh6 Qxf6 35. g4 Qh8 36. g5 Qxh6+ 37. gxh6 e2 0-1


[Site "https://www.chess.com"]

[Event "Titled Tuesday Blitz May 24 Late 2022"]
[White "Tanenbaum, Zachary"]
[Black "Martin Carmona, Gaston Manuel"]
[WhiteFideId "2060850"]
[BlackFideId "22284567"]
[WhiteElo "2168"]
[BlackElo "2162"]
[Result "0-1"]
[Round "03"]
[TimeControl "180+1"]
[Date "2022.05.25"]
[WhiteClock "0:00:59"]
[BlackClock "0:00:53"]

1. e4 c5 2. Nf3 d6 3. d4 cxd4 4. Nxd4 Nf6 5. Nc3 g6 6. Be3 Nc6 7. f3 Bg7 8. Qd2 O-O 9. g4 Nxd4 10. Bxd4 Be6 11. O-O-O Qa5 12. Kb1 Rfc8 13. a3 Rab8 14. Nd5 Qxd2 15. Rxd2 Nxd5 16. Bxg7 Kxg7 17. exd5 Bd7 18. Bg2 g5 19. h4 h6 20. Re2 Re8 21. Rhe1 Kf6 22. Bh3 e5 23. dxe6 Rxe6 24. f4 Rxe2 25. Rxe2 Re8 26. Rf2 Re1+ 27. Ka2 Be6+ 28. b3 gxf4 29. Rxf4+ Ke5 30. Rf2 Rh1 31. Rf3 h5 32. Rg3 Kf4 33. Rd3 hxg4 34. Bg2 Rh2 35. Bxb7 Rxc2+ 36. Kb1 Rc7 37. Bg2 Bf5 38. Bf1 Rc3 39. Kb2 Rxd3 40. Bxd3 Bxd3 0-1


[Site "https://www.chess.com"]

[Event "Titled Tuesday Blitz May 24 Late 2022"]
[White "Terry, Renato"]
[Black "De Souza, Regis Gabetta"]
[WhiteFideId "3803457"]
[BlackFideId "22756930"]
[WhiteElo "2577"]
[BlackElo "1926"]
[Result "0-1"]
[Round "03"]
[TimeControl "180+1"]
[Date "2022.05.24"]
[WhiteClock "0:00:10"]
[BlackClock "0:00:09"]

1. e4 e5 2. Nf3 Nc6 3. c3 Nf6 4. d4 exd4 5. e5 Nd5 6. Qb3 Nb6 7. cxd4 d5 8. Bb5 Bd7 9. O-O Be7 10. Nc3 a6 11. Bd3 Be6 12. a3 O-O 13. Qc2 h6 14. Be3 Bg4 15. Ne2 f6 16. Bh7+ Kh8 17. Nh4 Bxe2 18. Ng6+ Kxh7 19. Nxe7+ f5 20. Nxc6 bxc6 21. Qxe2 f4 22. Bd2 Nc4 23. Bc1 f3 24. Qd3+ Kh8 25. g3 Qd7 26. Rd1 Rab8 27. b3 Rxb3 28. Qf1 Qf5 29. Bd2 Rb2 30. Bb4 Rf7 31. Rab1 Rxb1 32. Rxb1 a5 33. Bc3 Qc2 34. Rc1 Qf5 35. a4 Kh7 36. h3 c5 37. dxc5 Nxe5 38. Bxa5 Nd3 39. Rc3 Ne5 40. Rb3 c6 41. Bc3 Nc4 42. Qb1 Qxb1+ 43. Rxb1 Ra7 44. a5 d4 45. Bxd4 Rxa5 46. Rc1 Nd2 47. Be3 Ne4 48. Rc4 Ra1+ 49. Kh2 Nf6 50. g4 Nd5 51. Bd4 Rd1 52. Kg3 Rd3 53. Be5 Kg6 54. h4 Kf7 55. Ra4 g6 56. Ra7+ Ke6 57. Bd6 h5 58. gxh5 gxh5 59. Rg7 Nf6 60. Rg6 Kf7 61. Rh6 Kg7 62. Bf4 Ne4+ 63. Kh2 Nxf2 64. Rd6 Ng4+ 65. Kg3 Rxd6 66. cxd6 f2 67. Kg2 Kf7 68. Bg3 Ke6 69. Kf1 c5 70. Ke2 c4 71. Bxf2 Nxf2 72. Kxf2 Kxd6 73. Ke3 Ke5 74. Kd2 Kf4 75. Kc3 Kg4 76. Kxc4 Kxh4 77. Kd3 Kg3 78. Ke2 Kg2 0-1


[Site "https://www.chess.com"]

[Event "Titled Tuesday Blitz May 24 Late 2022"]
[White "Tisaj, Domen"]
[Black "Munoz, Francisco Javier"]
[WhiteFideId "14628708"]
[BlackFideId "128368"]
[WhiteElo "2326"]
[BlackElo "2383"]
[Result "1/2-1/2"]
[Round "03"]
[TimeControl "180+1"]
[Date "2022.05.25"]
[WhiteClock "0:00:11"]
[BlackClock "0:00:20"]

1. d4 Nf6 2. Nf3 e6 3. c3 c5 4. e3 d5 5. Nbd2 Bd6 6. Bd3 b6 7. Qe2 Bb7 8. e4 dxe4 9. Nxe4 Nxe4 10. Bxe4 Bxe4 11. Qxe4 Nd7 12. Bg5 Qb8 13. d5 O-O 14. dxe6 Re8 15. e7 Bxe7 16. Bxe7 Nf6 17. Qe2 Qb7 18. O-O Rxe7 19. Qb5 Rae8 20. a4 a6 21. Qb3 Qc6 22. Qc4 b5 23. axb5 axb5 24. Qh4 Re4 25. Qh3 g6 26. Ra7 Rg4 27. Rd1 h5 28. Kh1 Nd5 29. Ng1 Nf4 30. Qf3 Qxf3 31. gxf3 Rg5 32. Rb7 c4 33. Rbd7 Ree5 34. R7d4 Rgf5 35. Re4 Ne6 36. Kg2 Nc5 37. Rd8+ Kg7 38. Re3 Rd5 39. Ree8 Nd3 40. Ne2 Nxb2 41. Nd4 Rg5+ 42. Kf1 Nd1 43. Ne2 Nb2 44. Nd4 Na4 45. Ne2 Rd3 46. h4 Re5 47. Rxe5 Rxd8 48. Rxb5 Rd1+ 49. Kg2 Rd2 50. Kf1 Rd1+ 51. Kg2 Re1 52. Rb4 Rxe2 53. Rxa4 Rc2 54. Rxc4 Kf6 55. Rc8 Ke5 56. Kg3 Kf6 57. Rc7 Rc1 58. c4 Rg1+ 59. Kh2 Rc1 60. Kg2 Rc3 61. Rc6+ Kg7 62. Rc8 Rc1 63. c5 Rc3 64. c6 Rc4 65. Kg3 Rc1 66. f4 Rc3+ 67. Kg2 Rc1 68. Kf3 Rc2 69. c7 Rc4 70. Ke3 Rc1 71. f5 Rc3+ 72. Kd4 Rc1 73. fxg6 fxg6 74. f4 Rd1+ 75. Ke3 Rc1 76. f5 gxf5 77. Kf4 Rc5 78. Kg5 f4+ 79. Kxf4 Rc4+ 80. Kg5 Rc5+ 81. Kf4 Rc4+ 82. Kf5 Rc5+ 83. Ke6 Rc1 84. Kd6 Rd1+ 85. Kc5 Rc1+ 86. Kd4 Rd1+ 87. Ke3 Re1+ 88. Kf2 Rc1 89. Kg3 Rg1+ 90. Kf4 Rc1 91. Ke5 Re1+ 92. Kf5 Rc1 93. Re8 Rxc7 94. Re5 Rc1 95. Kg5 Rf1 96. Re7+ Kf8 97. Rh7 Kg8 98. Rd7 Rb1 99. Rd5 Rb6 100. Kxh5 Kg7 101. Kg5 Rb1 102. Rd7+ Kg8 103. Kg6 Rg1+ 104. Kh6 Rh1 105. h5 Rh2 106. Rd8+ Kf7 107. Rd7+ Kf6 108. Ra7 Rh1 109. Ra3 Kf7 110. Ra8 Kf6 111. Rf8+ Ke7 112. Rf2 Rg1 113. Kh7 Rh1 114. h6 Rg1 115. Rf3 Rh1 116. Rg3 Rh2 117. Rf3 Rh1 118. Kg7 Rg1+ 119. Kh8 Rh1 120. h7 Rh2 121. Rf1 Rh3 122. Rf4 Rh1 123. Rf5 Rh2 124. Rf1 Rh3 125. Kg7 Rg3+ 126. Kh8 Rh3 1/2-1/2


[Site "https://www.chess.com"]

[Event "Titled Tuesday Blitz May 24 Late 2022"]
[White "Tologon tegin, Semetei"]
[Black "Escudero Donoso, Felipe"]
[WhiteFideId "13800574"]
[BlackFideId "3410595"]
[WhiteElo "2258"]
[BlackElo "2184"]
[Result "0-1"]
[Round "03"]
[TimeControl "180+1"]
[Date "2022.05.25"]
[WhiteClock "0:00:05"]
[BlackClock "0:00:34"]

1. e4 c5 2. Nf3 e6 3. d4 cxd4 4. Nxd4 a6 5. Bd3 Nf6 6. O-O Qc7 7. Be3 b5 8. a4 b4 9. c3 Bb7 10. f3 Nc6 11. Nxc6 Bxc6 12. cxb4 Bxb4 13. Nc3 O-O 14. Rc1 Qb7 15. e5 Nd5 16. Nxd5 Bxd5 17. Bb1 Rfc8 18. Qd3 g6 19. h4 Bf8 20. Bd4 Qb4 21. Qe3 Bh6 22. f4 Qxa4 23. Be4 Rxc1 24. Rxc1 Bxf4 25. Qxf4 Qxd4+ 26. Kh2 Qxe4 27. Qg5 Bc6 28. Rc3 Qf5 29. Qg3 Rb8 30. Rc4 Rb5 31. Rf4 Qxe5 0-1


[Site "https://www.chess.com"]

[Event "Titled Tuesday Blitz May 24 Late 2022"]
[White "Tristan, Leonardo"]
[Black "D`Arruda, Ricardo D."]
[WhiteFideId "113816"]
[BlackFideId "100692"]
[WhiteElo "2404"]
[BlackElo "2500"]
[Result "1-0"]
[Round "03"]
[TimeControl "180+1"]
[Date "2022.05.25"]
[WhiteClock "0:00:06"]
[BlackClock "0:00:28"]

1. d4 Nf6 2. Nf3 g6 3. Bf4 Bg7 4. e3 d6 5. Be2 Nbd7 6. O-O O-O 7. h3 b6 8. Bh2 Bb7 9. a4 a5 10. Nbd2 c5 11. c3 Qc7 12. Bd3 Rfe8 13. e4 cxd4 14. cxd4 Rac8 15. Qe2 e5 16. d5 Nc5 17. Bb5 Red8 18. Rac1 Qb8 19. Rc3 Nh5 20. Nc4 Nf4 21. Bxf4 exf4 22. Nxb6 Rc7 23. Rc2 Re7 24. Rxc5 dxc5 25. Qc2 Bc6 26. Bxc6 Qxb6 27. b3 h6 28. Nd2 Bd4 29. Nc4 Qb4 30. Qd2 Qxd2 31. Nxd2 Rc7 32. Bb5 Kg7 33. Re1 f5 34. Nc4 fxe4 35. d6 Rf7 36. Rxe4 g5 37. Kf1 Kf6 38. d7 Rfxd7 39. Bxd7 Rxd7 40. Nxa5 Bc3 41. Nc4 Rd1+ 42. Ke2 Rb1 43. Kd3 Bd4 44. Kc2 Ra1 45. Re2 Ra2+ 46. Kd3 Ra1 47. Nd2 Rd1 48. Kc4 Rc1+ 49. Kb5 Rc2 50. Ne4+ 1-0


[Site "https://www.chess.com"]

[Event "Titled Tuesday Blitz May 24 Late 2022"]
[White "Turutin, Alexander"]
[Black "Barp, Alberto"]
[WhiteFideId "4180623"]
[BlackFideId "872555"]
[WhiteElo "2402"]
[BlackElo "2229"]
[Result "0-1"]
[Round "03"]
[TimeControl "180+1"]
[Date "2022.05.25"]
[WhiteClock "0:00:05"]
[BlackClock "0:01:04"]

1. e4 c6 2. d4 d5 3. e5 Bf5 4. Nf3 e6 5. Be2 h6 6. O-O Nd7 7. Nbd2 c5 8. c4 Ne7 9. Nb3 dxc4 10. Bxc4 cxd4 11. Nbxd4 a6 12. Qb3 Nc5 13. Qe3 Rc8 14. Bd2 Bg6 15. Rfd1 Nd5 16. Bxd5 Qxd5 17. Bb4 Qe4 18. Rac1 Qxe3 19. fxe3 Be7 20. Nb3 b6 21. Bxc5 bxc5 22. Na5 Rc7 23. Nd4 O-O 24. Ndc6 Bg5 25. Kf2 Be4 26. Rxc5 Rfc8 27. Rdc1 Kf8 28. b4 Bd5 29. a3 f6 30. exf6 Bxf6 31. Nd4 Rxc5 32. bxc5 Be7 33. c6 Bxa3 34. Rc2 e5 35. Nf3 Bb4 0-1


[Site "https://www.chess.com"]

[Event "Titled Tuesday Blitz May 24 Late 2022"]
[White "Urbina Perez, Juan Antonio"]
[Black "Fawzy, Adham"]
[WhiteFideId "2217368"]
[BlackFideId "10613129"]
[WhiteElo "2192"]
[BlackElo "2546"]
[Result "0-1"]
[Round "03"]
[TimeControl "180+1"]
[Date "2022.05.25"]
[WhiteClock "0:00:07"]
[BlackClock "0:00:58"]

1. d4 Nf6 2. Nf3 g6 3. g3 Bg7 4. Bg2 d5 5. O-O c6 6. a4 O-O 7. Nc3 Bf5 8. Re1 Nbd7 9. Nh4 e6 10. Nxf5 exf5 11. Bg5 Re8 12. Qd2 Qb6 13. b3 a5 14. Rad1 Ng4 15. h3 Ngf6 16. Bh6 Bh8 17. Bf4 Rad8 18. e3 Nf8 19. Be5 Ne6 20. Bxf6 Bxf6 21. Ne2 Ng5 22. Qc1 Be7 23. Nf4 Bb4 24. c3 Bd6 25. Qc2 Bxf4 26. exf4 Ne4 27. Re3 Rc8 28. Rde1 Red8 29. g4 c5 30. dxc5 Qxc5 31. gxf5 gxf5 32. Bxe4 dxe4 33. Rg3+ Kh8 34. c4 Qd4 35. Qe2 Rg8 36. Rg5 f6 37. Rxg8+ Rxg8+ 38. Kh2 Rd8 39. Rg1 Qd2 40. Qxd2 Rxd2 41. Kg2 Kg7 42. Rb1 e3 43. Rf1 Kf7 44. Kg3 e2 45. Re1 Rd3+ 46. Kg2 Rxb3 47. Rxe2 Rb4 48. Rd2 Ke6 49. Rd5 Rxa4 50. Rb5 Rxc4 51. Rxb7 h5 52. Ra7 a4 53. Kg3 Rc3+ 54. Kh4 Rf3 55. Rxa4 Kf7 56. Rb4 Kg6 57. Ra4 Rxf2 58. Rb4 Rf3 59. Ra4 Re3 60. Ra8 Kg7 61. Ra7+ Kg6 62. Ra8 Rf3 63. Ra4 Rd3 64. Ra7 Rd4 65. Kg3 Rd3+ 66. Kh4 Rd1 67. Ra4 Re1 68. Rb4 Re4 69. Rb7 Rxf4+ 70. Kg3 Rd4 71. h4 Rd3+ 72. Kf4 Rh3 73. Rb8 Rxh4+ 74. Kf3 Rg4 75. Rg8+ Kf7 76. Rh8 h4 77. Rh5 Ke6 78. Rh8 Ra4 79. Re8+ Kf7 80. Rh8 h3 81. Rxh3 Ra3+ 82. Kg2 Rxh3 83. Kxh3 Ke6 84. Kg3 Ke5 85. Kf3 f4 86. Kf2 Ke4 87. Ke2 f3+ 88. Kf2 Kf4 89. Kf1 Ke3 90. Ke1 f2+ 91. Kf1 f5 92. Kg2 Ke2 93. Kh2 f1=Q 94. Kg3 Qf3+ 95. Kh2 Qg4 0-1


[Site "https://www.chess.com"]

[Event "Titled Tuesday Blitz May 24 Late 2022"]
[White "Vajda, Levente"]
[Black "Bortnyk, Olexandr"]
[WhiteFideId "1203975"]
[BlackFideId "14120828"]
[WhiteElo "2573"]
[BlackElo "2723"]
[Result "0-1"]
[Round "03"]
[TimeControl "180+1"]
[Date "2022.05.24"]
[WhiteClock "0:00:09"]
[BlackClock "0:00:30"]

1. e4 Nf6 2. e5 Nd5 3. d4 d6 4. c4 Nb6 5. exd6 exd6 6. Nf3 Be7 7. Bd3 O-O 8. h3 Nc6 9. O-O Bf6 10. Be3 Re8 11. Nc3 d5 12. cxd5 Nxd5 13. Nxd5 Qxd5 14. Rc1 Qxa2 15. d5 Nb4 16. Bc4 Qxb2 17. Qa4 Bf5 18. d6 cxd6 19. Qb5 Be4 20. Ng5 Bxg5 21. Qxg5 d5 22. Bb5 Red8 23. Qg3 Nc2 24. Rb1 Qc3 0-1


[Site "https://www.chess.com"]

[Event "Titled Tuesday Blitz May 24 Late 2022"]
[White "Villiers, Thomas"]
[Black "Aung Thant Zin"]
[WhiteFideId "427209"]
[BlackFideId "13000063"]
[WhiteElo "2164"]
[BlackElo "2278"]
[Result "0-1"]
[Round "03"]
[TimeControl "180+1"]
[Date "2022.05.25"]
[WhiteClock "0:01:13"]
[BlackClock "0:01:12"]

1. e4 c5 2. Nc3 a6 3. Nf3 Nc6 4. d4 cxd4 5. Nxd4 e6 6. Be3 Nf6 7. Be2 d6 8. O-O Be7 9. Qd2 O-O 10. f4 Qc7 11. Rad1 Bd7 12. Kh1 Nxd4 13. Qxd4 Bc6 14. Bf3 Rfd8 15. g4 Ne8 16. g5 b5 17. Ne2 Qb7 18. Ng3 Rac8 19. c3 d5 20. Nh5 dxe4 21. Qxd8 Rxd8 22. Be2 g6 23. Ng3 Ng7 24. Rxd8+ Bxd8 25. Rd1 Bb6 26. Nf1 Nf5 27. Bd4 e3+ 28. Kg1 Bh1 29. Nxe3 Nxe3 30. Bf1 Nxd1 31. Bxb6 Bf3 32. Bd4 Qe4 33. a4 Qe1 34. axb5 Ne3 35. Bxe3 Qxe3# 0-1


[Site "https://www.chess.com"]

[Event "Titled Tuesday Blitz May 24 Late 2022"]
[White "Vivas Zamora, Fabian Ernesto"]
[Black "Riff, Vincent"]
[WhiteFideId "3902480"]
[BlackFideId "617776"]
[WhiteElo "1987"]
[BlackElo "2377"]
[Result "0-1"]
[Round "03"]
[TimeControl "180+1"]
[Date "2022.05.25"]
[WhiteClock "0:00:01"]
[BlackClock "0:00:50"]

1. c4 e6 2. Nf3 d5 3. b3 Nf6 4. g3 g6 5. Bg2 Bg7 6. Bb2 O-O 7. O-O c6 8. e3 b5 9. cxb5 cxb5 10. Nc3 a6 11. Ne2 Nc6 12. Rc1 Bb7 13. Ned4 Nxd4 14. Bxd4 Rc8 15. Rxc8 Qxc8 16. Qa1 Nh5 17. Rc1 Qd7 18. Bxg7 Nxg7 19. Rc5 f6 20. Qc3 Ne8 21. b4 e5 22. d3 Qd6 23. Nd2 Rf7 24. Nb3 Rd7 25. Na5 Kg7 26. Nxb7 Rxb7 27. Rxd5 Rc7 28. Rc5 Rd7 29. Rd5 Rc7 30. Rxd6 Rxc3 31. Rxa6 Rxd3 32. Bf1 Rd1 33. Kg2 Nd6 34. Be2 Rd2 35. h3 Ne4 36. Kf1 Nc3 37. Bf3 e4 38. Bh1 Rd1+ 39. Kg2 Rd2 40. Rc6 Nd1 0-1


[Site "https://www.chess.com"]